 Dungeon Crawl Stone Soup version 0.22.1-2-g9c5b331 (webtiles) character file.

168 Subspace the Chopper (level 5, -5/47 HPs)
             Began as a Hill Orc Berserker on Dec 3, 2018.
             Was a Priest of Trog.
             Slain by Edmund
             ... wielding a +3 dire flail of draining
              (6 damage)
             ... on level 3 of the Dungeon.
             The game lasted 00:28:28 (3015 turns).

Subspace the Chopper (Hill Orc Berserker)           Turns: 3015, Time: 00:28:29

Health: -5/47      AC:  2    Str: 21    XL:     5   Next: 49%
Magic:  5/5        EV: 11    Int: 12    God:    Trog [***...]
Gold:   150        SH:  0    Dex: 10    Spells: 4/4 levels left

rFire    . . .     SeeInvis .   a - +0 hand axe
rCold    . . .     Gourm    .   (no shield)
rNeg     . . .     Faith    .   b - +0 animal skin
rPois    .         Spirit   .   (no helmet)
rElec    .         Reflect  .   (no cloak)
rCorr    +         Harm     .   (no gloves)
MR       .....                  (no boots)
Stlth    +.........             (no amulet)
HPRegen  0.15/turn              g - ring of resist corrosion
MPRegen  0.09/turn              (no ring)

@: brilliant, about to teleport, berserk cooldown, slowed, very heavily drained,
very slow
A: no striking features
a: Berserk, Trog's Hand, Renounce Religion


You were on level 3 of the Dungeon.
You worshipped Trog.
Trog was most pleased with you.
You were near starving.

You visited 1 branch of the dungeon, and saw 4 of its levels.

You collected 150 gold pieces.

Inventory:

Hand Weapons
 a - a +0 hand axe (weapon)
Armour
 b - a +0 animal skin (worn)
Jewellery
 g - a ring of resist corrosion (left hand)
Wands
 m - a wand of disintegration (8)
 q - a wand of paralysis (16)
Scrolls
 e - 4 scrolls of remove curse {unknown}
 h - a scroll of fog {unknown}
 i - 3 scrolls of identify
 l - 2 scrolls of random uselessness {unknown}
Potions
 j - 2 potions of flight
 n - a potion of ambrosia {unknown}
 o - a potion of agility {unknown}
 p - a potion of curing {unknown}
Comestibles
 c - 4 rations


   Skills:
 + Level 4.6(1.7) Fighting
 + Level 6.1(3.0) Axes
 + Level 2.5(0.0) Armour
 + Level 2.2(0.0) Dodging
 + Level 1.0(0.0) Stealth


You had 4 spell levels left.
You didn't know any spells.
Your spell library was empty.

Dungeon Overview and Level Annotations

Branches:
Dungeon (4/15)
 Temple: D:4-7

Altars:
Gozag
Xom

Annotations:
D:3 Edmund


Message History

* * * LOW HITPOINT WARNING * * *
You feel drained.
* * * LOW HITPOINT WARNING * * *
You feel a strong urge to attack something.
You feel your anger nearly subside.
You are no longer berserk.
You are exhausted.
You feel yourself slow down.
You see here 22 stones.
Edmund hits you with a dire flail of draining.
* * * LOW HITPOINT WARNING * * *
You feel drained.
Aiming: Paralyse
Press: ? - help, Shift-Dir - straight line, f - Edmund
Aim: Edmund, wielding a dire flail of draining and wearing a chain mail Edmund resists with some effort.
Edmund hits you but does no damage.
You feel drained.
As you read the scroll labeled INILIT KOFOD, it crumbles to dust.
You feel strangely unstable.
It was a scroll of teleportation.
Edmund hits you with a dire flail of draining.
You die...

#.# #.....# #..........# #.#
##.....###..........# #.#
#####.................... #.#
#........................ #.#
#.......................# #.#
#........................ #.#
##......)###.##.........##
##.#####.....)..###..#..[.......#
................@@.......)......#
........#.......##(.............#
...............##...............#
.........#####...........)......#
.........# ####................
........##########..............#
##..............#..........####..
#........######.......>....######
.........######..............####


You could see Edmund.

Vanquished Creatures
  Crazy Yiuf (D:3)
  Terence (D:2)
  3 adders
  2 oozes
  2 dart slugs (D:1)
  3 leopard geckos
  5 orcs (D:3)
  5 giant cockroaches
  7 goblins
  4 hobgoblins
  3 jackals (D:2)
  3 quokkas (D:2)
  6 bats
  6 frilled lizards
  8 kobolds
  14 rats
73 creatures vanquished.

Notes
Turn   | Place    | Note
-------+----------+-------------------------------------------
     0 | D:1      | Subspace the Hill Orc Berserker began the quest for the
                  | Orb.
     0 | D:1      | Reached XP level 1. HP: 19/19 MP: 1/1
   526 | D:1      | Reached XP level 2. HP: 27/27 MP: 2/2
  1077 | D:1      | Reached XP level 3. HP: 28/33 MP: 3/3
  1166 | D:2      | Reached ** piety under Trog
  1172 | D:2      | Reached skill level 5 in Axes
  1424 | D:2      | Found an opulent altar of Gozag.
  1455 | D:2      | Reached XP level 4. HP: 34/40 MP: 4/4
  1682 | D:2      | Found a shimmering altar of Xom.
  1867 | D:2      | Noticed Terence
  1891 | D:2      | Killed Terence
  2316 | D:3      | Reached *** piety under Trog
  2321 | D:3      | Reached XP level 5. HP: 39/47 MP: 5/5
  2798 | D:3      | Found a runed door.
  2802 | D:3      | Noticed Crazy Yiuf
  2806 | D:3      | Killed Crazy Yiuf
  2806 | D:3      | Reached skill level 6 in Axes
  2806 | D:3      | Reached skill level 1 in Stealth
  2987 | D:4      | Noticed Edmund
  3013 | D:3      | HP: 1/47 [Edmund/dire flail of draining (5)]
  3015 | D:3      | Slain by Edmund

Skill      XL: |  1  2  3  4  5 |
---------------+----------------+-----
Fighting       | 4 |  4.6
Axes           | 5 6 |  6.1
Dodging        | 2 |  2.2
Stealth        | 1 |  1.0
Armour         | |  2.5

Action                   |  1- 3 |  4- 6 || total
-------------------------+-------+-------++-------
Melee: Hand axe          |   108 |   143 ||   251
Invok: Berserk           |     5 |     3 ||     8
Evoke: Wand              |       |     1 ||     1
  Use: Scroll            |       |     5 ||     5
       Potion            |       |     2 ||     2
 Stab: Sleeping          |     1 |     2 ||     3
       Distracted        |       |     1 ||     1
  Eat: Ration            |     1 |       ||     1
       Chunk             |     3 |     7 ||    10
Armor: Animal skin       |    20 |    17 ||    37
Dodge: Dodged            |    54 |    92 ||   146
